AoeStats
← Reinhardlunsen

Arena

508736846Analyzed
4v4 RM · 8d ago on Sep 23, 2026· 59m 42s· 8 players
Game mode
Random Map
Map size
Large (8 player)
Population
200
Speed
Normal
Resources
Standard
Victory
Conquest
Starting age
Dark Age
Ending age
Imperial Age
RankedLock teamsTeams togetherTeam positionsShared explorationLock speedFull tech treeHidden civsTurbo modeCheats
Victory
Defeat
🇲🇽 Bohemians · Mexico
1631
+12
🇩🇪 Varangians · Germany
1580
+14
🇩🇪 Danes · Germany
1566
+14
🇨🇴 Ethiopians · Colombia
1556
+15
🇷🇺 Danes · Russia
1668
-19
🇩🇪 Varangians · Germany
1534
-14
🇬🇧 Italians · United Kingdom
1475
-11
🇧🇪 Teutons · Belgium
1462
-11
VL Bob
9:48 Feudal Age
13:41 Castle Age
11:58 Horse Collar
12:53 Double-Bit Axe
22:29 Wheelbarrow
24:15 Hand Cart
27:58 Imperial Age
27:11 Chemistry
27:40 Padded Archer Armor
28:04 Ballistics
28:28 Bow Saw
28:20 Scale Mail Armor
28:31 Forging
28:53 Heavy Plow
29:12 Masonry
29:37 Chain Mail Armor
29:38 Leather Archer Armor
30:03 Conscription
30:46 Hussite Reforms
31:31 Plate Mail Armor
31:04 Squires
30:24 Pikeman
31:34 Halberdier
37:20 Wagenburg Tactics
41:22 Houfnice
41:37 Houfnice
43:01 Loom
59:11 Town Watch
Reinhardlunsen
10:23 Feudal Age
14:03 Castle Age
12:19 Double-Bit Axe
12:31 Horse Collar
15:22 Bow Saw
20:45 Wheelbarrow
21:28 Scale Mail Armor
22:16 Forging
23:44 Chain Mail Armor
24:08 Squires
24:57 Iron Casting
24:19 Loom
26:00 Heavy Plow
26:09 Gold Mining
31:48 Imperial Age
30:46 Hamask
31:32 Arson
33:41 Plate Mail Armor
32:35 Capped Ram
32:51 Elite Varangian Guard
34:46 Siege Ram
35:49 Conscription
36:24 Town Watch
36:55 Hand Cart
38:29 Blast Furnace
38:00 Elite Jomsviking
39:58 Hoardings
44:38 Fletching
45:11 Ballistics
45:02 Masonry
45:16 Pikeman
46:38 Bodkin Arrow
47:46 Chemistry
48:00 Halberdier
49:15 Murder Holes
52:07 Caravan
52:59 Bracer
ELEG | JacLondon
9:48 Feudal Age
10:34 Loom
13:58 Castle Age
12:26 Double-Bit Axe
12:41 Horse Collar
14:39 Loom
15:06 Bow Saw
21:35 Forging
21:17 Fletching
21:52 Town Watch
22:47 Wheelbarrow
22:36 Gold Mining
25:27 Town Watch
27:15 Hand Cart
31:58 Imperial Age
30:11 Heavy Plow
30:44 Bodkin Arrow
30:41 Crossbowman
32:07 Ballistics
33:02 Bracer
34:05 Chemistry
35:26 Siege Engineers
36:28 Thumb Ring
37:59 Arbalester
39:13 Conscription
39:11 Padded Archer Armor
41:22 Two-Man Saw
40:52 Leather Archer Armor
40:37 Murder Holes
42:30 Scale Mail Armor
42:32 Squires
44:47 Stone Mining
45:32 Gold Shaft Mining
46:09 Guard Tower
46:30 Masonry
46:52 Ring Archer Armor
50:17 Keep
50:12 Architecture
51:13 Stone Shaft Mining
51:18 Torsion Engines
55:50 Coinage
55:21 Caravan
56:40 Banking
Willox
10:51 Feudal Age
14:36 Castle Age
13:11 Double-Bit Axe
13:38 Horse Collar
15:30 Bow Saw
17:36 Loom
23:38 Wheelbarrow
25:21 Heavy Plow
29:30 Imperial Age
27:48 Husbandry
28:31 Hand Cart
28:46 Bloodlines
29:22 Forging
29:18 Scale Barding Armor
30:34 Chain Barding Armor
30:49 Iron Casting
30:38 Conscription
30:48 Elite Jarl
32:42 Plate Barding Armor
34:01 Blast Furnace
35:12 Light Cavalry
36:02 Hussar
41:19 Town Watch
41:46 Masonry
42:59 Fletching
44:55 Cavalier
48:52 Gothikon
59:33 Architecture
59:08 Siege Engineers
RIBBEN
4:02 Loom
10:42 Feudal Age
16:13 Castle Age
14:35 Horse Collar
15:30 Double-Bit Axe
15:54 Gold Mining
16:26 Scale Barding Armor
17:04 Bloodlines
20:33 Forging
21:37 Bloodlines
22:52 Chain Barding Armor
23:29 Heavy Plow
24:43 Bow Saw
26:00 Wheelbarrow
26:24 Man-at-Arms
27:05 Scale Mail Armor
27:05 Long Swordsman
28:58 Chain Mail Armor
29:36 Iron Casting
29:29 Squires
37:09 Imperial Age
35:43 Hand Cart
35:31 Gambesons
35:58 Arson
36:50 Fortified Wall
37:14 Two-Handed Swordsman
38:40 Plate Mail Armor
38:32 Champion
40:18 Crop Rotation
41:23 Blast Furnace
41:18 Masonry
44:11 Two-Man Saw
44:35 Blast Furnace
44:55 Arson
45:39 Pikeman
48:55 Caravan
49:26 Coinage
49:45 Plate Barding Armor
49:01 Onager
52:03 Chemistry
51:09 Siege Engineers
53:04 Halberdier
54:13 Crenellations
53:45 Fletching
55:18 Conscription
54:54 Bodkin Arrow
56:53 Banking
57:15 Ballistics
58:01 Padded Archer Armor
58:57 Hoardings
59:41 Leather Archer Armor
FarI
10:40 Feudal Age
11:38 Double-Bit Axe
14:22 Castle Age
12:10 Horse Collar
15:27 Bow Saw
16:05 Heavy Plow
19:22 Wheelbarrow
20:40 Stone Mining
21:12 Hand Cart
21:14 Stone Mining
21:31 Gold Mining
23:51 Gold Shaft Mining
26:41 Imperial Age
25:27 Scale Mail Armor
27:07 Squires
26:44 Onager
27:26 Loom
28:28 Chain Mail Armor
28:14 Devotion
28:40 Fletching
28:55 Siege Onager
30:29 Northmen's Fury
31:32 Siege Engineers
33:04 Ballistics
36:47 Coinage
39:01 Banking
38:52 Town Watch
40:15 Pikeman
41:45 Plate Mail Armor
41:25 Forging
41:01 Halberdier
42:03 Elite Varangian Guard
45:29 Iron Casting
50:06 Blast Furnace
50:41 Bodkin Arrow
51:40 Bracer
52:43 Chemistry
57:57 Man-at-Arms
58:24 Gambesons
rizz
10:13 Feudal Age
14:59 Castle Age
14:07 Loom
14:08 Town Watch
14:30 Double-Bit Axe
15:20 Horse Collar
16:12 Bow Saw
24:21 Fletching
24:33 Padded Archer Armor
31:39 Imperial Age
29:52 Ballistics
29:41 Bodkin Arrow
31:02 Fortified Wall
36:22 Wheelbarrow
36:50 Two-Man Saw
37:35 Heavy Plow
39:16 Hand Cart
40:40 Squires
40:26 Arson
42:49 Scale Mail Armor
42:59 Forging
44:18 Forging
46:31 Chain Mail Armor
47:35 Iron Casting
49:47 Plate Mail Armor
51:31 Scale Barding Armor
52:51 Blast Furnace
52:13 Husbandry
51:36 Light Cavalry
51:43 Light Cavalry
52:09 Pikeman
53:11 Bloodlines
54:52 Caravan
57:32 Crop Rotation
58:15 Hussar
Benni
9:58 Feudal Age
13:41 Castle Age
11:55 Double-Bit Axe
12:37 Horse Collar
15:33 Bow Saw
20:32 Wheelbarrow
23:15 Hand Cart
22:56 Gold Mining
23:24 Heavy Plow
23:43 Stone Mining
26:15 Stone Shaft Mining
25:53 Loom
30:04 Imperial Age
28:03 Scale Barding Armor
28:08 Forging
29:11 Chain Barding Armor
30:35 Iron Casting
30:12 Bloodlines
30:02 Husbandry
31:24 Plate Barding Armor
31:14 Conscription
30:40 Elite Jarl
31:17 Fletching
32:50 Blast Furnace
32:26 Plate Barding Armor
33:49 Two-Man Saw
37:24 Crop Rotation
38:38 Coinage
38:57 Guilds
40:45 Banking
45:32 Light Cavalry
47:09 Fletching
47:19 Loom
47:28 Hussar
Connection lost

Rejoining the realm…

Still unreachable

The connection could not be restored.

Session expired

The server has moved on; the page needs a fresh start.